 Dungeon Crawl Stone Soup version 0.26.0-10-g1f06aea511 (webtiles) character file.

Game seed: 9076110873246410027

18332 vvl the Cleaver (level 12, -9/165 HPs)
             Began as a Palentonga Berserker on Jan 13, 2021.
             Was an Elder of Trog.
             Mangled by a large slime creature (27 damage)
             ... on level 12 of the Dungeon.
             The game lasted 01:00:07 (16663 turns).

vvl the Cleaver (Palentonga Berserker)             Turns: 16663, Time: 01:00:08

Health: -9/165     AC: 25    Str: 25    XL:     12   Next: 26%
Magic:  17/17      EV:  5    Int:  8    God:    Trog [****..]
Gold:   438        SH:  5    Dex: 13    Spells: 11/11 levels left

rFire    . . .     SeeInvis +   p - +3 battleaxe
rCold    + . .     Faith    .   (shield currently unavailable)
rNeg     . . .     Spirit   .   z - +0 plate armour
rPois    .         Reflect  +   (no helmet)
rElec    .         Harm     .   k - +0 cloak
rCorr    .         Rampage  .   t - +1 pair of gloves
Will     ++...                  (no barding)
Stlth    ..........             f - amulet of reflection
HPRegen  1.37/turn              L - ring "Qufaux" {rC+ Dex+3 SInv}
MPRegen  0.15/turn              F - +4 ring of protection

@: berserking, regenerating, studying Shields, curled up, very quick
A: large, rugged brown scales 3, see invisible, deformed body, roll 1, armoured
tail, reflexive curl
a: Rolling Charge, Renounce Religion, Berserk, Trog's Hand, Brothers in Arms


You were on level 12 of the Dungeon.
You worshipped Trog.
Trog was greatly pleased with you.
You visited 1 branch of the dungeon, and saw 12 of its levels.
You also visited: Ossuary.

You collected 646 gold pieces.
You spent 208 gold pieces at shops.

Inventory:

Hand Weapons
 p - a +3 battleaxe (weapon)
 q - a +0 broad axe
 G - a +2 trident of venom
Armour
 k - a +0 cloak (worn)
 t - a +1 pair of gloves (worn)
 z - a +0 plate armour (worn)
Jewellery
 f - an amulet of reflection (around neck)
 r - an uncursed amulet of regeneration
 F - a +4 ring of protection (right hand)
 L - the ring "Qufaux" (left hand) {rC+ Dex+3 SInv}
   (You took it off a centaur on level 9 of the Dungeon)

   [ring of see invisible]

   It affects your dexterity (+3).
   It protects you from cold.
   It lets you see invisible.
Wands
 e - a wand of iceblast (6)
 y - a wand of paralysis (8)
 I - a wand of disintegration (3)
Scrolls
 a - 5 scrolls of immolation
 b - 2 scrolls of fear {unknown}
 g - 6 scrolls of enchant armour
 i - 5 scrolls of remove curse
 m - 6 scrolls of teleportation {unknown}
 s - 2 scrolls of fog {unknown}
 A - a scroll of enchant weapon {unknown}
 H - a scroll of acquirement {unknown}
Potions
 c - a potion of invisibility {unknown}
 d - 2 potions of curing
 h - 2 potions of flight
 j - a potion of heal wounds
 l - 4 potions of attraction
 n - 3 potions of mutation
 o - 2 potions of lignification
 u - 3 potions of brilliance {unknown}
 v - 2 potions of haste {unknown}
 x - 15 potions of ambrosia
 B - a potion of cancellation {unknown}
 D - 2 potions of magic {unknown}
 K - 2 potions of might {unknown}
Books
 C - a manual of Shields


   Skills:
 + Level 8.6 Fighting
 * Level 11.4 Axes
 + Level 7.0 Armour
 - Level 1.5 Dodging
 + Level 8.2 Shields
 - Level 7.8 Invocations
 - Level 6.5 Evocations


You had 11 spell levels left.
You didn't know any spells.
Your spell library contained the following spells:

 Spells                   Type           Power        Failure   Level
 Shock                    Conj/Air       0%           99%         1
 Ensorcelled Hibernation  Hex/Ice        0%           100%        2
 Swiftness                Air            0%           100%        2
 Confusing Touch          Hex            0%           100%        3
 Static Discharge         Conj/Air       0%           100%        3
 Airstrike                Air            0%           100%        4
 Cause Fear               Hex            0%           100%        4
 Lightning Bolt           Conj/Air       0%           100%        5
 Invisibility             Hex            0%           100%        6


Dungeon Overview and Level Annotations

Branches:
Dungeon (12/15)            Temple (0/1) D:6            Lair (0/6) D:10
Ossuary (visited)
    Orc: D:9-12

Altars:
Cheibriados

Shops:
D:5 ![

Annotations:
D:10 2 transporters, Warped's ghost, novice VSMo


Innate Abilities, Weirdness & Mutations

You are completely covered in rugged brown scales. (AC +3, +7% HP)
You have supernaturally acute eyesight. (SInv)
Armour fits poorly on your strangely shaped body.
You can roll at nearby foes to attack.
You have a long armoured tail.
You curl defensively after being hit.


Message History

Your skin crawls.
You feel strong-willed. Trog will no longer gift you weapons.
You block the large slime creature's attack.
A red film seems to cover your vision as you go berserk!
You feel yourself moving faster!
You feel mighty!
The large slime creature hits you but does no damage.
You barely miss the large slime creature.
You tail-slap the large slime creature!
The large slime creature is moderately wounded.
The large slime creature hits you!
* * * LOW HITPOINT WARNING * * *
Your plate armour prevents you from hitting the large slime creature.
The large slime creature is moderately wounded.
The large slime creature hits you!
* * * LOW HITPOINT WARNING * * *
You slice the large slime creature!! You tail-slap the large slime creature!
The large slime creature is severely wounded.
The large slime creature hits you!!
You die...

##/ #.. ## #.#
#. #.# #.
##.#### #.
#...$.+ +.
########.....+
+.
......J@.....#
#.
########.....#
#. #.....# #.
#.....# #####.
##.#### #.....
#...#####
#.....
###.....#
###..) #####.#
###..
#######'##
#....


You could see a large slime creature.

Vanquished Creatures
  Harold (D:8)
  Fannar (D:11)
  A hydra (D:12)
  2 two-headed ogres (D:10)
  An unseen horror (D:10)
  An ugly thing (D:11)
  A cyclops (D:10)
  Maggie (D:10)
  A komodo dragon (D:10)
  A queen bee (D:11)
  2 trolls (D:10)
  A hornet (D:8)
  4 slime creatures (D:12)
  A wyvern (D:11)
  2 wraiths
  12 yaks
  A vampire mosquito (D:9)
  A water moccasin (D:8)
  5 orc warriors
  3 ice beasts
  3 sky beasts
  4 black bears
  4 phantoms
  6 ogres
  2 necrophages
  11 centaurs
  A big kobold (D:8)
  8 bullfrogs
  5 scorpions
  11 wights
  34 killer bees
  4 electric eels (D:9)
  8 howler monkeys
  3 centaur zombies
  2 jellies
  3 centaur skeletons
  11 orc priests
  4 hounds
  14 orc wizards
  4 iguanas
  13 worker ants
  A big kobold zombie (Ossuary)
  2 hound zombies (D:6)
  A hound skeleton (D:10)
  3 mummies (Ossuary)
  4 worker ant zombies
  17 gnolls
  9 adders
  7 white imps
  4 ufetubi
  3 oozes
  3 adder skeletons
  2 worms (D:2)
  2 dart slugs
  5 leopard geckos
  41 orcs
  A ball python (D:4)
  3 giant cockroaches
  A goblin (D:2)
  9 hobgoblins
  14 jackals
  4 quokkas
  7 bats
  3 frilled lizards
  A goblin zombie (Ossuary)
  3 hobgoblin zombies (Ossuary)
  A jackal zombie (D:8)
  9 kobolds
  A leopard gecko zombie (D:6)
  2 orc zombies (Ossuary)
  A quokka skeleton (D:7)
  2 quokka zombies
  10 rats
374 creatures vanquished.

Vanquished Creatures (collateral kills)
  A killer bee (D:11)
1 creature vanquished.

Vanquished Creatures (others)
  48 plants
48 creatures vanquished.

Grand Total: 423 creatures vanquished

Notes
Turn   | Place    | Note
-------+----------+-------------------------------------------
     0 | D:1      | vvl the Palentonga Berserker began the quest for the Orb.
     0 | D:1      | Reached XP level 1. HP: 20/20 MP: 1/1
   339 | D:1      | Reached XP level 2. HP: 27/27 MP: 2/2
   512 | D:1      | Reached skill level 1 in Invocations
   561 | D:1      | Reached XP level 3. HP: 33/33 MP: 3/3
   748 | D:2      | Reached ** piety under Trog
  1131 | D:2      | Reached skill level 1 in Shields
  1236 | D:2      | Reached XP level 4. HP: 38/40 MP: 4/4
  2010 | D:3      | Reached skill level 1 in Evocations
  2121 | D:3      | Reached skill level 4 in Axes
  2121 | D:3      | Reached XP level 5. HP: 46/48 MP: 6/6
  2721 | D:4      | Noticed an ice beast
  2736 | D:4      | Reached *** piety under Trog
  2745 | D:4      | Killed an ice beast
  2746 | D:4      | Reached XP level 6. HP: 33/55 MP: 7/7
  2764 | D:4      | Found a sand-covered staircase.
  2784 | Ossuary  | Entered an ossuary
  3801 | D:4      | Gained mutation: You curl defensively after being hit.
                  | [Palentonga growth]
  3801 | D:4      | Reached XP level 7. HP: 63/63 MP: 9/9
  3814 | D:4      | Reached skill level 5 in Axes
  4191 | D:4      | Reached **** piety under Trog
  4630 | D:5      | Entered Level 5 of the Dungeon
  4924 | D:5      | Reached XP level 8. HP: 58/71 MP: 10/10
  5129 | D:5      | Reached skill level 6 in Axes
  5388 | D:5      | Found Josmoogu's Antique Armour Boutique.
  5434 | D:5      | Found a snail-covered altar of Cheibriados.
  5620 | D:5      | Found Icvuvvuh's Distillery.
  5660 | D:5      | Reached skill level 5 in Fighting
  5722 | D:5      | Bought a potion of heal wounds for 65 gold pieces
  5722 | D:5      | Bought a potion of heal wounds for 65 gold pieces
  5722 | D:5      | Bought a potion of curing for 39 gold pieces
  5722 | D:5      | Bought a potion of curing for 39 gold pieces
  6389 | D:6      | Reached XP level 9. HP: 37/79 MP: 12/12
  6736 | D:6      | Reached skill level 7 in Axes
  6814 | D:6      | Reached skill level 5 in Invocations
  6875 | D:6      | Found a staircase to the Ecumenical Temple.
  7559 | D:7      | Reached ***** piety under Trog
  8774 | D:7      | Reached skill level 8 in Axes
  8784 | D:7      | Received a gift from Trog
  9153 | D:8      | Reached XP level 10. HP: 76/88 MP: 14/14
  9697 | D:8      | Reached skill level 5 in Armour
  9737 | D:8      | Reached skill level 5 in Evocations
  9804 | D:8      | Noticed Harold
  9817 | D:8      | Killed Harold
  9818 | D:8      | Reached skill level 5 in Shields
  9838 | D:8      | Paralysed by a hornet for 2 turns
  9842 | D:8      | Paralysed by a hornet for 3 turns
  9852 | D:8      | Reached skill level 9 in Axes
 10695 | D:8      | HP: 4/89 [yak (5)]
 12122 | D:9      | Identified the ring "Qufaux" {rC+ Dex+3 SInv}
 12134 | D:9      | Reached XP level 11. HP: 83/98 MP: 16/16
 12650 | D:10     | Entered Level 10 of the Dungeon
 12726 | D:10     | Noticed Warped's ghost (novice VSMo)
 12737 | D:10     | Found a transporter.
 12739 | D:10     | Noticed a two-headed ogre
 12740 | D:10     | Found a transporter.
 13062 | D:10     | Killed a two-headed ogre
 13870 | D:10     | Noticed an unseen horror
 13883 | D:10     | Killed an unseen horror
 14198 | D:10     | Reached skill level 10 in Axes
 14460 | D:10     | Noticed Maggie
 14463 | D:10     | Noticed a two-headed ogre
 14482 | D:10     | Killed a two-headed ogre
 14485 | D:10     | Killed Maggie
 14808 | D:10     | Found a staircase to the Lair.
 15098 | D:11     | Noticed Fannar
 15105 | D:11     | Killed Fannar
 15105 | D:11     | Noticed a purple ugly thing
 15121 | D:11     | Killed a purple ugly thing
 16078 | D:11     | Received a gift from Trog
 16166 | D:11     | Reached skill level 11 in Axes
 16166 | D:11     | Reached XP level 12. HP: 108/109 MP: 17/17
 16528 | D:12     | Noticed a seven-headed hydra
 16540 | D:12     | Killed a 15-headed hydra
 16554 | D:12     | Identified Junkaot's Papyrus of Beguiling
 16663 | D:12     | Mangled by a large slime creature

Illustrated notes

Levels and vault maps discovered:
D:1:      minmay_arrival_checkered_box, layout_rooms
D:2:      layout_basic
D:3:      layout_basic, minmay_misc_feat_nine_boxes
D:4:      kennysheep_spiral_hall, layout_basic,
          lightli_ossuary_entry_decrepit_ruins, bh_walls_and_bars
D:5:      layout_loops_ring, cheibrodos_worm_habitat, serial_shops,
          nicolae_shop_window_shopping, shop
D:6:      layout_cave_pools, minmay_temple_entry_junction_2
D:7:      layout_rooms, minmay_manual_monolith
D:8:      layout_basic, hangedman_minor_gate_pass, uniq_harold
D:9:      layout_layer_cave, serial_bayou, serial_bayou_pond_d,
          serial_bayou_pond_b, serial_bayou_lagoon_a, serial_bayou_lake_a,
          corner_web_ring
D:10:     layout_basic, david_lair_shrubbed, gammafunk_ghost_hive, uniq_maggie
D:11:     layout_roguey [special_room_bee], uniq_fannar
D:12:     layout_roguey, minmay_orc_entry_guard_dogs, hangedman_decor_lopped,
          kennysheep_generic_room_4

Skill      XL: |  1  2  3  4  5  6  7  8  9 10 11 12 |
---------------+-------------------------------------+-----
Invocations    | 1 2 3 4 5 6 7 |  7.8
Armour         | 2 3 4 5 6 7 |  7.0
Shields        | 1 2 3 4 6 7 8 |  8.2
Evocations     | 1 2 3 4 5 6 |  6.5
Axes           | 4 5 6 8 9 11 | 11.4
Fighting       | 4 5 6 7 8 |  8.6
Dodging        | |  1.5

Action                   |  1- 3 |  4- 6 |  7- 9 | 10-12 || total
-------------------------+-------+-------+-------+-------++-------
Melee: Hand axe          |   100 |       |       |       ||   100
       Tailslap          |     6 |    17 |    50 |    87 ||   160
       Broad axe         |    25 |   177 |   419 |       ||   621
       Battleaxe         |       |       |    24 |   531 ||   555
Invok: Trog's Hand       |       |       |     2 |    13 ||    15
       Berserk           |       |       |     1 |     5 ||     6
       Brothers in Arms  |       |       |       |     1 ||     1
 Abil: Rolling Charge    |     4 |     3 |    33 |    17 ||    57
Evoke: Wand              |       |       |       |    14 ||    14
  Use: Potion            |       |     2 |     1 |    11 ||    14
       Scroll            |       |     8 |     1 |     5 ||    14
 Stab: Paralysed         |       |       |       |     9 ||     9
Armor: Ring mail         |    50 |       |       |       ||    50
       Animal skin       |     3 |       |       |       ||     3
       Chain mail        |    10 |   146 |   374 |   241 ||   771
       Plate armour      |       |       |       |   152 ||   152
Dodge: Dodged            |    75 |    73 |   189 |   176 ||   513
Block: Other             |       |     2 |   128 |   168 ||   298
       Reflection        |       |       |     1 |     8 ||     9
